 Dungeon Sprint DCSS version 0.25-a0-502-g6516661a7a (webtiles) character file.

Game seed: 4805222619423381359, levelgen mode: deterministic

68900000 jt the Formicid Barricade (level 27, -35/249 HPs)
             Began as a Formicid Fighter on Feb 12, 2020.
             Was the Champion of Makhleb.
             Killed from afar by a scourge (58 damage)
             ... with a bolt of poison
             ... in the Dungeon (Sprint VIII: "Arena of Blood").
             The game lasted 00:05:26 (689 turns).

jt the Formicid Barricade (Formicid Fighter)         Turns: 689, Time: 00:05:26

Health: -35/249    AC: 13    Str: 22    XL:     27
Magic:  54/54      EV: 31    Int: 11    God:    Makhleb [******]
Gold:   0          SH: 19    Dex: 19    Spells: 80/80 levels left

rFire    + . .     SeeInvis +   l - +∞ Axe of Woe
rCold    . . .     Gourm    .   c - +0 kite shield
rNeg     . . .     Faith    .   b - +0 scale mail
rPois    .         Spirit   .   (helmet unavailable)
rElec    .         Reflect  .   (no cloak)
rCorr    .         Harm     .   (no gloves)
MR       ++...                  (no boots)
Stlth    ++++++++..             (no amulet)
HPRegen  0.51/turn              m - ring of protection from fire
MPRegen  0.34/turn              (no ring)

@: lethally poisoned (-35 -> -47)
A: permanent stasis, dig shafts and tunnels, four strong arms, antennae 3
a: Dig, Minor Destruction, Lesser Servant of Makhleb, Major Destruction, Greater
Servant of Makhleb, Renounce Religion


You were in the Dungeon.
You worshipped Makhleb.
Makhleb was exalted by your worship.
You were not hungry.

You visited 1 branch

Inventory:

Hand Weapons
 a - a +0 war axe
 l - the +∞ Axe of Woe (weapon)
   (You found it in the Dungeon)
 o - a +9 war axe
Armour
 b - a +0 scale mail (worn)
 c - a +0 kite shield (worn)
Jewellery
 m - a ring of protection from fire (left hand)
 n - a +30 ring of slaying
 p - a +30 ring of slaying
 q - a +30 ring of slaying
 s - a +30 ring of slaying
 t - a +30 ring of slaying
 u - a +30 ring of slaying
Scrolls
 k - a scroll of blinking
Potions
 d - a potion of might
 e - a potion of curing
 g - a potion of heal wounds
 h - a potion of haste
 i - 2 potions of magic
 j - a potion of berserk rage


   Skills:
 O Level 27 Fighting
 O Level 27 Axes
 O Level 27 Throwing
 O Level 27 Armour
 O Level 27 Dodging
 O Level 27 Stealth
 O Level 27 Shields
 O Level 27 Unarmed Combat
 O Level 27 Spellcasting
 O Level 27 Invocations


You had 80 spell levels left.
You didn't know any spells.
Your spell library was empty.

Dungeon Overview and Level Annotations

Branches:
Dungeon (1/1)

Altars:
Makhleb


Innate Abilities, Weirdness & Mutations

You cannot be hasted, slowed, berserked, paralysed or teleported.
You can dig through walls and to a lower floor.
Your four strong arms can wield two-handed weapons with a shield.
You have a pair of large antennae on your head. (SInv)


Message History

Makhleb accepts your kill.
You feel better.
You hear a shout!
The vile throws damnation at you.
The sphere of damnation explodes!
The damnation engulfs you!!
You hear a shout!
The dread calls on the powers of darkness!
The fleshlord convulses!
The eight-headed meat hydra convulses!
The scourge convulses!
The observer convulses!
The scourge convulses!
The bag of meat convulses!
Your body is wracked with pain!
* * * LOW HITPOINT WARNING * * *
The vile throws damnation at you.
The sphere of damnation explodes!
The damnation engulfs you!!!
* * * LOW HITPOINT WARNING * * *
You hear a shout!
The scourge throws poison at you.
The bolt of poison hits the vile.
The vile completely resists.
The bolt of poison hits you!!!
You are poisoned.
You die...

M..##...{ {
..oW....M..
..M..W....#
.o.9.pD...#
#.99.SG9. #So9L99#
#.....# #...)##
##..@.# #.....#
###....# #.###.#
##.# ## #.## ##.#
#.##
#.#################


You could see 2 accurseds, a tyrant, an eight-headed meat hydra, an observer
(invisible), 2 scourges, a fleshlord, a wretched soul (invisible), a dread, 7
viles and 2 bags of meat.

Vanquished Creatures
  6 hell beasts (D)
  16 vampire knights (D)
  27 ogres (D)
  6 two-headed ogres (D)
  4 liches (D)
  67 orcs (D)
  A skeletal warrior (D)
  2 large abominations (D)
  4 small abominations (D)
  5 crawling corpses (D)
138 creatures vanquished.

Vanquished Creatures (others)
  3 crawling corpses (D)
3 creatures vanquished.

Grand Total: 141 creatures vanquished

Notes
Turn   | Place    | Note
-------+----------+-------------------------------------------
     0 | D        | Found the +∞ Axe of Woe
     0 | D        | jt the Formicid Fighter began the quest for the Orb.
     0 | D        | Reached XP level 1. HP: 18/18 MP: 1/1
     2 | D        | Noticed a bag of meat
     2 | D        | Noticed a bag of meat
     3 | D        | Noticed a meat berserker
     3 | D        | Noticed a bag of meat
     4 | D        | Became a worshipper of Makhleb the Destroyer
     4 | D        | Noticed a bag of meat
     6 | D        | Noticed a meat berserker
     6 | D        | Noticed a bag of meat
     7 | D        | Noticed a meat berserker
     7 | D        | Noticed a bag of meat
     8 | D        | Noticed a meat berserker
     8 | D        | Noticed a meat berserker
     9 | D        | Killed a bag of meat
     9 | D        | Reached XP level 2. HP: 24/24 MP: 2/2
     9 | D        | Reached XP level 3. HP: 29/29 MP: 3/3
     9 | D        | Reached XP level 4. HP: 35/35 MP: 4/4
     9 | D        | Reached XP level 5. HP: 41/41 MP: 5/5
     9 | D        | Reached XP level 6. HP: 47/47 MP: 6/6
     9 | D        | Reached XP level 7. HP: 52/52 MP: 7/7
     9 | D        | Reached XP level 8. HP: 58/58 MP: 8/8
     9 | D        | Reached XP level 9. HP: 64/64 MP: 9/9
     9 | D        | Reached XP level 10. HP: 70/70 MP: 10/10
     9 | D        | Reached XP level 11. HP: 75/75 MP: 11/11
     9 | D        | Reached XP level 12. HP: 81/81 MP: 12/12
     9 | D        | Killed a bag of meat
     9 | D        | Reached * piety under Makhleb
     9 | D        | Reached XP level 13. HP: 86/86 MP: 13/13
     9 | D        | Noticed a bag of meat
    10 | D        | Killed a meat berserker
    10 | D        | Reached skill level 27 in Axes
    10 | D        | Reached skill level 27 in Shields
    10 | D        | Reached XP level 14. HP: 96/96 MP: 14/14
    10 | D        | Reached XP level 15. HP: 101/101 MP: 15/15
    10 | D        | Killed a meat berserker
    10 | D        | Reached XP level 16. HP: 132/132 MP: 16/16
    10 | D        | Killed a meat berserker
    10 | D        | Reached ** piety under Makhleb
    10 | D        | Reached skill level 15 in Dodging
    10 | D        | Reached XP level 17. HP: 154/154 MP: 17/17
    11 | D        | Killed a meat berserker
    11 | D        | Reached XP level 18. HP: 169/169 MP: 18/18
    11 | D        | Noticed a meat berserker
    12 | D        | Noticed a destroyer
    13 | D        | Noticed a meat berserker
    13 | D        | Reached *** piety under Makhleb
    14 | D        | Killed a meat berserker
    14 | D        | Reached XP level 19. HP: 188/188 MP: 19/19
    14 | D        | Reached **** piety under Makhleb
    14 | D        | Reached skill level 27 in Fighting
    14 | D        | Reached skill level 27 in Armour
    15 | D        | Noticed a meat berserker
    16 | D        | Reached skill level 27 in Dodging
    16 | D        | Killed a destroyer
    16 | D        | Reached XP level 20. HP: 94/197 MP: 19/36
    17 | D        | Killed a meat berserker
    17 | D        | Reached skill level 27 in Invocations
    18 | D        | Killed a meat berserker
    18 | D        | Reached ***** piety under Makhleb
    18 | D        | Reached XP level 21. HP: 204/204 MP: 19/38
    18 | D        | Killed a meat berserker
    18 | D        | Reached XP level 22. HP: 212/212 MP: 19/43
    19 | D        | Noticed a large bag of meat
    19 | D        | Noticed a meat berserker
    21 | D        | Noticed a meat berserker
    22 | D        | Noticed a meat berserker
    24 | D        | Killed a meat berserker
    24 | D        | Reached skill level 27 in Stealth
    24 | D        | Reached XP level 23. HP: 219/219 MP: 20/50
    24 | D        | Reached ****** piety under Makhleb
    25 | D        | Noticed a destroyer
    25 | D        | Reached skill level 27 in Throwing
    25 | D        | Reached skill level 27 in Unarmed Combat
    25 | D        | Reached skill level 27 in Spellcasting
    25 | D        | Reached XP level 24. HP: 227/227 MP: 21/54
    25 | D        | Killed a large bag of meat
    26 | D        | Reached XP level 25. HP: 234/234 MP: 21/54
    26 | D        | Noticed a large bag of meat
    27 | D        | Noticed a large bag of meat
    27 | D        | Noticed a large bag of meat
    28 | D        | Reached XP level 26. HP: 242/242 MP: 21/54
    28 | D        | Killed a destroyer
    30 | D        | Noticed a destroyer
    30 | D        | Noticed a destroyer
    32 | D        | Noticed a destroyer
    32 | D        | Reached XP level 27. HP: 249/249 MP: 22/54
    33 | D        | Killed a large bag of meat
    33 | D        | Noticed a destroyer
    35 | D        | Noticed a destroyer
    36 | D        | Killed a destroyer
    38 | D        | Noticed a destroyer
    40 | D        | Killed a destroyer
    41 | D        | Killed a large bag of meat
    41 | D        | Killed a destroyer
    42 | D        | Noticed a destroyer
    42 | D        | Noticed a destroyer
    42 | D        | Noticed a destroyer
    42 | D        | Noticed a destroyer
    42 | D        | Noticed a destroyer
    43 | D        | Noticed a destroyer
    44 | D        | Killed a destroyer
    46 | D        | Killed a destroyer
    46 | D        | Killed a large bag of meat
    46 | D        | Killed a destroyer
    48 | D        | Killed a destroyer
    50 | D        | Killed a destroyer
    52 | D        | Noticed a large bag of meat
    53 | D        | Killed a destroyer
    54 | D        | Noticed a large bag of meat
    56 | D        | Noticed a tyrant
    56 | D        | Killed a destroyer
    57 | D        | Noticed a tyrant
    59 | D        | Noticed a tyrant
    60 | D        | Noticed a meat beast
    60 | D        | Noticed a tyrant
    60 | D        | Noticed a destroyer
    61 | D        | Noticed a meat beast
    64 | D        | Noticed a meat beast
    64 | D        | Killed a tyrant
    64 | D        | Killed a meat beast
    64 | D        | Noticed a meat beast
    65 | D        | Killed a tyrant
    65 | D        | Killed a large bag of meat
    65 | D        | Noticed a destroyer
    66 | D        | Killed a meat beast
    67 | D        | Killed a destroyer
    67 | D        | Killed a meat beast
    67 | D        | Killed a meat beast
    68 | D        | Killed a destroyer
    69 | D        | Noticed a meat beast
    69 | D        | Killed a destroyer
    70 | D        | Killed a large bag of meat
    74 | D        | Killed a destroyer
    75 | D        | Killed a meat beast
   136 | D        | Killed a tyrant
   139 | D        | Killed a tyrant
   683 | D        | Noticed a meat beast
   683 | D        | Noticed a tyrant
   683 | D        | Noticed a fleshlord
   683 | D        | Noticed a dread
   683 | D        | Noticed a vile
   683 | D        | Noticed a vile
   683 | D        | Noticed a vile
   683 | D        | Noticed a vile
   683 | D        | Noticed a vile
   683 | D        | Noticed an accursed
   683 | D        | Noticed a vile
   687 | D        | Noticed an accursed
   687 | D        | Noticed a vile
   688 | D        | Noticed a vile
   688 | D        | Killed a meat beast
   689 | D        | Killed from afar by a scourge

Levels and vault maps discovered:
D:        meatsprint

Skill      XL: |  1  2  3  4  5  6  7  8  9 10 11 12 13 14 15 16 17 18 19 20 21 22 23 |
---------------+----------------------------------------------------------------------+-----
Axes           | 19 22 27 | 27.0
Shields        | 22 25 27 | 27.0
Fighting       | 4 13 19 22 26 27 | 27.0
Armour         | 4 13 19 22 26 27 | 27.0
Dodging        | 2 11 16 19 23 27 | 27.0
Invocations    | 25 27 | 27.0
Throwing       | 13 17 23 27 | 27.0
Stealth        | 16 21 27 | 27.0
Unarmed Combat | 13 17 23 27 | 27.0
Spellcasting   | 13 17 23 27 | 27.0

Action                   |  1- 3 |  4- 6 |  7- 9 | 10-12 | 13-15 | 16-18 | 19-21 | 22-24 | 25-27 || total
-------------------------+-------+-------+-------+-------+-------+-------+-------+-------+-------++-------
Melee: Executioner's axe |     1 |       |       |       |     1 |     3 |     3 |     5 |    46 ||    59
 Abil: Dig               |       |       |       |       |       |       |       |       |     5 ||     5
 Stab: Distracted        |       |       |       |       |       |       |       |       |     1 ||     1
  Eat: Ration            |       |       |       |       |       |       |       |       |     1 ||     1
Armor: Scale mail        |       |       |       |       |       |       |       |       |     2 ||     2
Dodge: Dodged            |       |       |       |       |     1 |     1 |       |       |     5 ||     7
Block: Kite shield       |       |       |       |       |       |       |       |       |     9 ||     9

Table legend:
 A = Non-vault XP
 B = Vault XP
 C = Vault XP percentage of total XP
 D = Non-vault monster count
 E = Vault monster count
 F = Vault count percentage of total count
                 A         B        C        D         E       F
            +---------+---------+-------+---------+---------+-------
      Total | 2634122 | 1710211 |  39.4 |      58 |      75 |  56.4
            +---------+---------+-------+---------+---------+-------
          D | 2634122 | 1710211 |  39.4 |      58 |      75 |  56.4
            +---------+---------+-------+---------+---------+-------
